 Seeded DCSS version 0.27-a0-965-gbf8bb431c4 (webtiles) character file.

Game seed: 20210412 (custom seed)

5347 Snicker the Sneak (level 10, -4/73 HPs)
             Began as a Demonspawn Brigand on Apr 12, 2021.
             Was an Initiate of Gozag.
             Slain by a sixfirhy (9 damage)
             ... summoned by a kobold demonologist
             ... on level 8 of the Dungeon on Apr 13, 2021.
             The game lasted 00:31:26 (8759 turns).

Snicker the Sneak (Demonspawn Brigand)              Turns: 8759, Time: 00:31:27

Health: -4/73      AC: 14    Str: 10 (11) XL:     10   Next: 38%
Magic:  10/10      EV: 11    Int: 11 (14) God:    Gozag
Gold:   85         SH:  0    Dex: 14 (17) Spells: 7/9 levels left

rFire    . . .     SeeInvis .   a - +2 dagger (venom)
rCold    . . .     Faith    .   (no shield)
rNeg     . . .     Spirit   .   g - +3 ring mail
rPois    +         Reflect  .   (helmet restricted)
rElec    .         Harm     .   c - +0 cloak
rCorr    .         Rampage  .   (no gloves)
Will     .....                  z - +0 pair of boots of Trumpets {+Inv Regen+}
Stlth    +++.......             (no amulet)
HPRegen  1.22/turn              u - ring of poison resistance
MPRegen  0.12/turn              (no ring)

@: mighty, brilliant, about to teleport
A: horns 1, slimy green scales 2, powered by pain 1
a: Renounce Religion, Evoke Invisibility, Potion Petition, Call Merchant, Bribe
Branch


You were on level 8 of the Dungeon.
You worshipped Gozag.
Gozag was noncommittal.
You visited 2 branches of the dungeon, and saw 10 of its levels.
You also visited: Ossuary.

You collected 349 gold pieces.
You spent 161 gold pieces at shops.
You paid 103 gold pieces to Gozag.

Inventory:

Hand Weapons
 a - a +2 dagger of venom (weapon)
 b - a +2 quarterstaff of chaos
 s - a +2 dagger
Missiles
 d - 61 poisoned darts
 k - 6 boomerangs
 o - a curare-tipped dart (quivered)
Armour
 c - a +0 cloak (worn)
 f - a +0 leather armour
 g - a +3 ring mail (worn)
 n - a +0 robe
 z - the +0 pair of boots of Trumpets (worn) {+Inv Regen+}
   (You bought it in a shop on level 4 of the Dungeon)

   It lets you turn invisible.
   It increases your rate of health regeneration.
 E - +0 steam dragon scales
Jewellery
 t - a ring of fire
 u - a ring of poison resistance (left hand)
Wands
 J - a wand of polymorph (8)
 K - a wand of digging (11)
Scrolls
 h - 2 scrolls of enchant armour {unknown}
 i - 4 scrolls of teleportation
 j - 4 scrolls of fog
 q - 2 scrolls of silence {unknown}
 r - 3 scrolls of enchant weapon {unknown}
 v - a scroll of amnesia {unknown}
 x - a scroll of noise {unknown}
 y - 7 scrolls of identify
 F - a scroll of acquirement {unknown}
 G - a scroll of holy word {unknown}
 I - 2 scrolls of brand weapon {unknown}
 L - a scroll of blinking {unknown}
 M - a scroll of torment {unknown}
Potions
 e - 3 potions of brilliance
 l - a potion of degeneration
 m - a potion of might
 p - a potion of berserk rage {unknown}
 w - 2 potions of heal wounds {unknown}
 A - a potion of curing
 B - a potion of ambrosia {unknown}
 C - a potion of haste
 D - a potion of lignification {unknown}
 H - 2 potions of attraction {unknown}
 N - a potion of mutation {unknown}


   Skills:
 + Level 4.5 Fighting
 * Level 7.5 Short Blades
 + Level 4.2 Staves
 + Level 3.0 Throwing
 + Level 5.6 Armour
 + Level 4.0 Dodging
 * Level 7.6 Stealth
 * Level 4.2 Translocations
 + Level 0.8 Evocations


You had 7 spell levels left.
You knew the following spells:

 Your Spells              Type           Power      Damage    Failure   Level
a - Blink                 Tloc           N/A        N/A       22%         2

Your spell library contained the following spells:

 Spells                   Type           Power      Damage    Failure   Level
 Apportation              Tloc           28%        N/A       14%         1
 Gell's Gravitas          Tloc           7%         N/A       41%         3
 Animate Skeleton         Necr           0%         N/A       63%         1
 Corona                   Hex            0%         N/A       63%         1
 Magic Dart               Conj           0%         1d3       63%         1
 Summon Small Mammal      Summ           0%         N/A       63%         1
 Call Imp                 Summ           0%         N/A       77%         2
 Slow                     Hex            0%         N/A       77%         2
 Confusing Touch          Hex            0%         N/A       94%         3
 Conjure Flame            Conj/Fire      0%         6-21      94%         3
 Mephitic Cloud           Conj/Pois/Air  0%         N/A       94%         3
 Petrify                  Tmut/Erth      0%         N/A       100%        4
 Metabolic Englaciation   Hex/Ice        0%         N/A       100%        5
 Yara's Violent Unravell  Hex/Tmut       0%         3d3       100%        5


Dungeon Overview and Level Annotations

Branches:
Dungeon (9/15)             Temple (1/1) D:5         Ossuary (visited)
   Lair: D:8-11         Orc: D:9-12

Altars:
Elyvilon
Gozag
Makhleb
Okawaru
Vehumet
Wu Jian
Yredelemnul
Zin
The Shining One

Shops:
D:4 [   D:7 ?   D:8 (


Innate Abilities, Weirdness & Mutations

You have a pair of small horns on your head.
You are mostly covered in slimy green scales. (AC +3)
You sometimes gain a little power by taking damage.


Message History

The sixfirhy hits you but does no damage.
The sixfirhy completely misses you.
The crimson imp blinks!
The ynoxinul gestures.
The sixfirhy barely misses you.
Things that are here:
7 gold pieces; a +0 club; 4 stones
Items here: $ )) [.
The kobold demonologist becomes distracted by the nearby gold, dreaming of imaginary riches.
Items here: $ ((( ))))))))))).
Unknown command.
Unknown command.
The kobold demonologist is no longer distracted by gold.
The sixfirhy hits you. The sixfirhy shocks you!
You focus on the pain.
You feel mightier all of a sudden. The sixfirhy hits you.
The sixfirhy shocks you!
The sixfirhy hits you but does no damage.
The white imp gestures at you.
The puff of frost hits you but does no damage.
The sixfirhy misses you.
Items here: $ )) [.
The sixfirhy hits you! The sixfirhy shocks you! The sixfirhy hits you!
* * * LOW HITPOINT WARNING * * *
The sixfirhy shocks you!
* * * LOW HITPOINT WARNING * * *
The kobold demonologist mumbles some strange words.
The quasit gives a chilling moan.
Items here: $ ((( ))))))))))).
You feel better.
As you read the scroll of teleportation, it crumbles to dust.
You feel strangely unstable. The sixfirhy hits you.
* * * LOW HITPOINT WARNING * * *
The sixfirhy shocks you!
* * * LOW HITPOINT WARNING * * *
The sixfirhy hits you but does no damage.
The sixfirhy hits you.
* * * LOW HITPOINT WARNING * * *
The sixfirhy shocks you!
You die...
Your body crumbles into a pile of gold.

#....# #..$5Z.K...
#...#######Z..'..Z..
# #####
#.....K8#..... ##
#......5#.Z... #.
#.$....5##.... #.
#......3K####' #.
#......54$$# #.
#.......$#3# #.
#........#@# #.
#........#.# ####
####. ####.....###
#..######....
.......#
###..........
..#.....#
#..........
........#
#.........# ##$....#
#.........#
#.........#
#.........#


You could see a kobold demonologist, a sixfirhy (summoned), 2 ufetubi, a kobold
and a kobold skeleton.

Vanquished Creatures
  Maggie (D:7)
  A wind drake (shapeshifter) (D:8)
  Grinder (D:4)
  A wyvern (D:8)
  2 steam dragons
  Menkaure (D:7)
  Duvessa (D:7)
  4 ice beasts
  An orc warrior (D:8)
  2 black bears
  2 sky beasts
  5 ogres
  A hornet zombie (D:8)
  2 necrophages
  A tengu (D:8)
  2 centaurs
  7 kobold brigands
  4 bullfrogs
  Dowan (D:7)
  7 scorpions (Ossuary)
  A wyvern skeleton (D:6)
  5 wights
  An electric eel (D:7)
  2 centaur zombies
  3 hounds
  3 human zombies (Ossuary)
  A jelly (D:7)
  An orc priest (D:3)
  Crazy Yiuf (D:2)
  A bullfrog skeleton (D:5)
  2 centaur skeletons
  A scorpion zombie (Ossuary)
  Terence (D:2)
  2 killer bee zombies
  3 mummies (Ossuary)
  A gnoll (D:7)
  10 adders
  A white imp (D:7)
  An ufetubus (D:5)
  A worm (D:2)
  2 dart slugs
  20 orcs
  8 bats
  7 endoplasms
  5 giant cockroaches
  5 goblins
  2 hobgoblins
  16 jackals
  A quokka (D:3)
  2 ball pythons
  2 frilled lizards (D:1)
  2 gnoll zombies (Ossuary)
  2 goblin zombies (Ossuary)
  3 hobgoblin zombies (Ossuary)
  62 kobolds
  A kobold skeleton (D:8)
  6 kobold zombies
  3 orc zombies (Ossuary)
  7 rats
245 creatures vanquished.

Vanquished Creatures (others)
  55 plants
55 creatures vanquished.

Grand Total: 300 creatures vanquished

Notes
Turn   | Place    | Note
-------+----------+-------------------------------------------
     0 | D:1      | Snicker the Demonspawn Brigand began the quest for the Orb.
     0 | D:1      | Reached XP level 1. HP: 16/16 MP: 1/1
   169 | D:1      | Reached skill level 1 in Dodging
   325 | D:1      | Gained mutation: You are partially covered in slimy green
                  | scales. (AC +2) [demonic ancestry]
   325 | D:1      | Reached XP level 2. HP: 20/22 MP: 2/2
   868 | D:2      | Reached XP level 3. HP: 16/27 MP: 3/3
  1179 | D:2      | Noticed Terence
  1189 | D:2      | Killed Terence
  1190 | D:2      | Reached XP level 4. HP: 33/33 MP: 4/4
  1633 | D:2      | Found a runed translucent door.
  1634 | D:2      | Noticed Crazy Yiuf
  1798 | D:2      | Learned a level 2 spell: Blink
  1895 | D:2      | Killed Crazy Yiuf
  2078 | D:3      | Reached skill level 1 in Armour
  2078 | D:3      | Reached XP level 5. HP: 24/38 MP: 5/5
  3279 | D:3      | Noticed a black bear
  3293 | D:3      | Killed a black bear
  3294 | D:3      | Gained mutation: You are mostly covered in slimy green
                  | scales. (AC +3) [demonic ancestry]
  3294 | D:3      | Reached XP level 6. HP: 31/46 MP: 6/6
  4101 | D:4      | Found a radiant altar of Vehumet.
  4240 | D:4      | Noticed Grinder
  4248 | D:4      | Paralysed by Grinder for 5 turns
  4271 | D:4      | Killed Grinder
  4272 | D:4      | Reached skill level 5 in Stealth
  4375 | D:4      | Found Ahueri's Antique Armour Shoppe.
  4378 | D:4      | Bought a pair of ancient boots for 161 gold pieces
  4378 | D:4      | Identified the +0 pair of boots of Trumpets {+Inv Regen+}
                  | (You bought it in a shop on level 4 of the Dungeon)
  4701 | D:5      | Entered Level 5 of the Dungeon
  4712 | D:5      | Gained mutation: You sometimes gain a little power by
                  | taking damage. [demonic ancestry]
  4712 | D:5      | Reached XP level 7. HP: 46/51 MP: 7/7
  5263 | D:5      | Reached skill level 5 in Short Blades
  5263 | D:5      | Reached skill level 1 in Staves
  5323 | D:5      | Gained mutation: You have a pair of small horns on your
                  | head. [demonic ancestry]
  5323 | D:5      | Reached XP level 8. HP: 44/58 MP: 8/8
  5380 | D:5      | Found a staircase to the Ecumenical Temple.
  5386 | Temple   | Entered the Ecumenical Temple
  5652 | D:5      | Reached skill level 1 in Translocations
  6175 | D:6      | Reached XP level 9. HP: 54/62 MP: 9/9
  6523 | D:7      | Noticed Duvessa
  6523 | D:7      | Noticed Dowan
  6525 | D:7      | Killed Duvessa
  6531 | D:7      | Killed Dowan
  6834 | D:7      | Noticed Maggie
  6848 | D:7      | Killed Maggie
  6919 | D:7      | Found Xoleig's Magic Scroll Emporium.
  6965 | D:7      | Noticed Menkaure
  6977 | D:7      | Killed Menkaure
  7204 | D:8      | Found a basalt altar of Yredelemnul.
  7370 | D:8      | Found a sand-covered staircase.
  7396 | D:8      | Reached XP level 10. HP: 69/73 MP: 10/10
  7419 | Ossuary  | Entered an ossuary
  7510 | Ossuary  | Reached skill level 5 in Armour
  8140 | Temple   | Became a worshipper of Gozag Ym Sagoz the Greedy
  8307 | D:8      | Found an iron altar of Okawaru.
  8432 | D:8      | Found Beexodig's Hydra Hut.
  8470 | D:8      | Noticed a four-headed hydra
  8747 | D:8      | Noticed a sixfirhy
  8759 | D:8      | Slain by a sixfirhy

Illustrated notes

Levels and vault maps discovered:
D:1:      shiori_arrival_oz, layout_basic, serial_bayou_pond_d
D:2:      layout_basic, uniq_crazy_yiuf_cottage, uniq_terence
D:3:      minmay_wonky_spiral, layout_loops_ring, roderic_lattice_a,
          serial_park_tiny_2
D:4:      layout_cave_pods, vehumet_crystals, serial_shops, kennysheep_mini,
          uniq_grinder
D:5:      kennysheep_kobold_camp, layout_loops_ring, temple_statues,
          hangedman_minor_gate_pass
D:6:      layout_rooms, tso_metal_star
D:7:      cheibrodos_helix_gallery, layout_cave_pools, serial_shops,
          nicolae_shop_trees, uniq_menkaure, uniq_maggie, uniq_duvessa
D:8:      wander_kiku_kobolds, layout_gridville, lemuel_tele_altar,
          lemuel_doored_altar, nicolae_overflow_hidden_temple,
          overflow_temple_1_default, enter_ossuary_5, doesnt_shop_hydraphobe
D:9:      layout_irregular_city, kennysheep_mini_moat, dpeg_oklobed_lair
Temple:   jpeg_temple_clearing

Skill      XL: |  1  2  3  4  5  6  7  8  9 10 |
---------------+-------------------------------+-----
Dodging        | 1 2 3 4 |  4.0
Throwing       | 2 3 |  3.0
Stealth        | 4 5 6 7 |  7.6
Short Blades   | 2 3 4 5 6 7 |  7.5
Armour         | 1 2 3 4 5 |  5.6
Staves         | 1 2 3 4 |  4.2
Fighting       | 3 4 |  4.5
Translocations | 2 3 4 |  4.2
Evocations     | |  0.8

Action                   |  1- 3 |  4- 6 |  7- 9 | 10-12 || total
-------------------------+-------+-------+-------+-------++-------
Melee: Dagger            |   115 |   194 |   297 |   113 ||   719
       Quarterstaff      |       |     4 |    84 |    71 ||   159
       Headbutt          |       |       |    50 |    30 ||    80
Throw: Dart              |     2 |     8 |     1 |     3 ||    14
       Boomerang         |       |    11 |     4 |       ||    15
Evoke: Wand              |       |       |     8 |       ||     8
  Use: Scroll            |       |     1 |       |     3 ||     4
       Potion            |       |       |       |     6 ||     6
 Stab: Sleeping          |     6 |     6 |     6 |     7 ||    25
       Petrified         |       |       |     1 |       ||     1
       Distracted        |       |       |     2 |     4 ||     6
       Paralysed         |       |       |       |     2 ||     2
Armor: Leather armour    |    14 |       |       |       ||    14
       Ring mail         |    77 |    91 |   168 |    70 ||   406
Dodge: Dodged            |    76 |    92 |   206 |   106 ||   480

Table legend: (Time is in decaauts)
 A = Elapsed time spent in this place.
 B = Non-inter-level travel time spent in this place.
 C = Inter-level travel time spent in this place.
 D = Time resting spent in this place.
 E = Time spent auto-exploring this place.
 F = Levels seen in this place.
 G = Mean time per level.
                   A        B        C        D        E       F      G
               +--------+--------+--------+--------+--------+-----+--------+
         Total |   8597 |   8120 |    477 |    447 |   5309 |  11 |  781.5 |
       Dungeon |   7973 |   7562 |    411 |    327 |   5288 |   9 |  885.9 |
        Temple |     89 |     23 |     66 |      0 |      3 |   1 |   89.0 |
       Ossuary |    534 |    534 |      0 |    120 |     18 |   1 |  534.0 |
               +--------+--------+--------+--------+--------+-----+--------+

Top non-repeatable levels by time:
     D:3: 1775 daAuts
     D:5: 1405 daAuts
     D:2: 1184 daAuts
     D:4: 866 daAuts
     D:1: 836 daAuts
     D:8: 679 daAuts
     D:7: 669 daAuts
 Ossuary: 534 daAuts
     D:6: 510 daAuts
  Temple: 89 daAuts
     D:9: 44 daAuts
